 Dungeon Crawl Stone Soup version 0.27-a0-1065-ge809cff456 (webtiles) character file.

Game seed: 6755306073826632765

158 flotson the Covert (level 5, -5/47 HPs)
             Began as a Gnoll Delver on Apr 23, 2021.
             Slain by a wolf spider (glowing shapeshifter) (6 damage)
             ... on level 3 of the Dungeon.
             The game lasted 00:07:26 (3496 turns).

flotson the Covert (Gnoll Delver)                   Turns: 3496, Time: 00:07:26

Health: -5/47      AC:  8    Str: 12    XL:     5   Next: 39%
Magic:  7/7        EV: 12    Int: 10    God:
Gold:   88         SH:  0    Dex: 13    Spells: 6/6 levels left

rFire    . . .     SeeInvis .   a - +4 quarterstaff (chaos)
rCold    . . .     Faith    .   (shield currently unavailable)
rNeg     . . .     Spirit   .   p - +0 ring mail
rPois    .         Reflect  .   (no helmet)
rElec    .         Harm     .   t - +2 cloak
rCorr    .         Rampage  .   (no gloves)
Will     +....                  (no boots)
Stlth    ++++......             k - amulet of magic regeneration
HPRegen  0.15/turn              r - ring of willpower
MPRegen  0.35/turn              (no ring)

@: hasted, very quick
A: fangs 1, strong nose, distributed training
a: no special abilities


You were on level 3 of the Dungeon.
You visited 1 branch of the dungeon, and saw 5 of its levels.

You collected 88 gold pieces.

Inventory:

Hand Weapons
 a - a +4 quarterstaff of chaos (weapon)
 b - a +0 war axe
Missiles
 n - 14 poisoned darts (quivered)
Armour
 p - a +0 ring mail (worn)
 t - a +2 cloak (worn)
Jewellery
 k - an amulet of magic regeneration (around neck)
 r - a ring of willpower (left hand)
Wands
 d - a wand of flame (5)
 g - a wand of digging (3)
Scrolls
 c - a scroll of fog
 e - a scroll of fear
 h - a scroll of enchant armour {unknown}
 i - 2 scrolls of teleportation {unknown}
 l - a scroll of identify {unknown}
 s - a scroll of amnesia {unknown}
 w - a scroll of acquirement {unknown}
 x - a scroll of immolation {unknown}
Potions
 f - 3 potions of haste
 j - a potion of cancellation {unknown}
 m - 4 potions of curing {unknown}
 o - 2 potions of degeneration {unknown}
 q - 2 potions of brilliance {unknown}
 u - a potion of heal wounds {unknown}
 v - a potion of lignification {unknown}


   Skills:
 + Level 6.7 Fighting
 + Level 1.4 Short Blades
 + Level 1.4 Long Blades
 + Level 4.8 Axes
 + Level 1.4 Maces & Flails
 + Level 1.4 Polearms
 + Level 1.4 Staves
 + Level 1.4 Slings
 + Level 1.4 Bows
 + Level 1.4 Crossbows
 + Level 1.4 Throwing
 + Level 1.4 Armour
 + Level 4.8 Dodging
 + Level 9.6 Stealth
 + Level 1.4 Shields
 + Level 1.4 Unarmed Combat
 + Level 1.4 Spellcasting
 + Level 1.1 Conjurations
 + Level 1.1 Hexes
 + Level 1.1 Summonings
 + Level 1.1 Necromancy
 + Level 1.1 Translocations
 + Level 1.1 Transmutations
 + Level 1.1 Fire Magic
 + Level 1.1 Ice Magic
 + Level 1.1 Air Magic
 + Level 1.1 Earth Magic
 + Level 1.1 Poison Magic
 + Level 1.6 Invocations
 + Level 1.4 Evocations


You had 6 spell levels left.
You didn't know any spells.
Your spell library contained the following spells:

 Spells                   Type           Power      Damage    Failure   Level
 Foxfire                  Conj/Fire      12%        2x1d4     41%         1
 Conjure Flame            Conj/Fire      3%         6-21      80%         3
 Inner Flame              Hex/Fire       3%         N/A       80%         3
 Sticky Flame             Conj/Fire      3%         2d3       99%         4
 Fireball                 Conj/Fire      1%         3d3       100%        5


Dungeon Overview and Level Annotations

Branches:
Dungeon (5/15)
 Temple: D:4-7

Altars:
Makhleb
Zin

Annotations:
D:4 Pikel


Innate Abilities, Weirdness & Mutations

You have very sharp teeth.
Your uncanny sense of smell can sniff out nearby items.
Your experience applies equally to all skills.


Message History

The bolt of energy misses you.
You hit the eye of devastation.
Space warps horribly around the eye of devastation!
The eye of devastation is moderately wounded.
The eye of devastation changes into a swamp worm!
You completely miss the swamp worm.
The swamp worm is lightly wounded.
The swamp worm bites you!!
You hit the swamp worm.
The swamp worm is poisoned.
Your bite misses the swamp worm.
The swamp worm is moderately wounded.
The swamp worm changes into an elephant!
You sock the elephant!
The elephant is poisoned.
The elephant is lightly wounded.
The elephant tramples you!
* * * LOW HITPOINT WARNING * * *
You stumble backwards!
The elephant tramples you but does no damage.
The elephant trunk-slaps you but does no damage.
The elephant changes into a manticore!
You see here a +0 club.
You see here a +0 club.
You see here 4 large rocks.
An anaconda comes into view.
Okay, then.
The anaconda grabs you. The anaconda bites you.
* * * LOW HITPOINT WARNING * * *
x2 The anaconda constricts you.
The anaconda's grasp on you weakens, but your attempt to escape fails.
The wolf spider loses its grip on you.
The anaconda changes into a wolf spider!
The wolf spider barely misses you. The wolf spider bites you.
* * * LOW HITPOINT WARNING * * *
The wolf spider closely misses you. The wolf spider bites you.
* * * LOW HITPOINT WARNING * * *
You feel yourself speed up. The wolf spider misses you.
The wolf spider completely misses you.
The wolf spider hits you but does no damage.
The wolf spider bites you.
You die...

#.#.# #................# ##.#.#
##.##.......######
#....######.#.......^.#### ###
#.#...........##.#.......####..
#.............)..##...####.(###
#########..>..#.#######.#.#.#
#.....#.####.#..#...#
#....####.#...#...#.###
#.....@s....#...#..S.))
#....####.#...#...#.###
###.###.####.#..#...# #..##.#
####.#.#.#
#..##.##########..###
#..##.##....)..####.(
#..##.##.######.# ###
#........# #.# # ##.##.#### #.#
#


You could see a wolf spider shaped shifter.

Vanquished Creatures
  A lemure (D:3)
  Crazy Yiuf (D:2)
  Terence (D:3)
  2 adders (D:2)
  2 worms (D:3)
  2 dart slugs
  2 orcs
  9 endoplasms
  4 giant cockroaches
  6 goblins
  3 hobgoblins
  9 jackals
  5 quokkas
  3 ball pythons
  7 bats
  2 frilled lizards
  6 kobolds
  10 rats
75 creatures vanquished.

Vanquished Creatures (others)
  2 plants (D:2)
2 creatures vanquished.

Grand Total: 77 creatures vanquished

Notes
Turn   | Place    | Note
-------+----------+-------------------------------------------
     0 | D:5      | Reached skill level 9 in Stealth
     0 | D:5      | flotson the Gnoll Delver began the quest for the Orb.
     0 | D:5      | Reached XP level 1. HP: 23/23 MP: 1/1
   130 | D:5      | Noticed a hound
   210 | D:5      | Noticed a phantom
   285 | D:4      | Noticed a lemure
   285 | D:4      | Noticed Pikel
   285 | D:4      | Noticed a lemure
   285 | D:4      | Noticed a lemure
   289 | D:4      | Noticed a lemure
   297 | D:3      | Noticed Terence
   570 | D:2      | Reached XP level 2. HP: 11/29 MP: 2/2
   838 | D:2      | Found a faded altar of an unknown god.
   966 | D:1      | Reached XP level 3. HP: 35/35 MP: 3/3
  1073 | D:1      | Reached skill level 1 in Invocations
  1337 | D:1      | Reached skill level 1 in Short Blades
  1337 | D:1      | Reached skill level 1 in Long Blades
  1337 | D:1      | Reached skill level 1 in Maces & Flails
  1337 | D:1      | Reached skill level 1 in Polearms
  1337 | D:1      | Reached skill level 1 in Staves
  1337 | D:1      | Reached skill level 1 in Slings
  1337 | D:1      | Reached skill level 1 in Bows
  1337 | D:1      | Reached skill level 1 in Crossbows
  1337 | D:1      | Reached skill level 1 in Throwing
  1337 | D:1      | Reached skill level 1 in Armour
  1337 | D:1      | Reached skill level 1 in Shields
  1337 | D:1      | Reached skill level 1 in Unarmed Combat
  1337 | D:1      | Reached skill level 1 in Spellcasting
  1337 | D:1      | Reached skill level 1 in Evocations
  1626 | D:2      | Reached XP level 4. HP: 41/41 MP: 5/5
  2105 | D:2      | Found a runed translucent door.
  2106 | D:2      | Noticed Crazy Yiuf
  2125 | D:2      | Killed Crazy Yiuf
  2126 | D:2      | Reached skill level 1 in Conjurations
  2126 | D:2      | Reached skill level 1 in Hexes
  2126 | D:2      | Reached skill level 1 in Summonings
  2126 | D:2      | Reached skill level 1 in Necromancy
  2126 | D:2      | Reached skill level 1 in Translocations
  2126 | D:2      | Reached skill level 1 in Transmutations
  2126 | D:2      | Reached skill level 1 in Fire Magic
  2126 | D:2      | Reached skill level 1 in Ice Magic
  2126 | D:2      | Reached skill level 1 in Air Magic
  2126 | D:2      | Reached skill level 1 in Earth Magic
  2126 | D:2      | Reached skill level 1 in Poison Magic
  2478 | D:3      | Killed Terence
  2479 | D:3      | Reached XP level 5. HP: 25/47 MP: 5/7
  2670 | D:3      | Found a burning altar of Makhleb.
  2672 | D:3      | Noticed an Executioner
  2674 | D:3      | Found a glowing silver altar of Zin.
  2675 | D:3      | Noticed an angel
  2713 | D:3      | Killed a lemure
  3462 | D:3      | Noticed a glowing shapeshifter
  3462 | D:3      | a kobold changed into a glowing shapeshifter
  3462 | D:3      | Noticed an eye of devastation
  3462 | D:3      | a glowing shapeshifter changed into an eye of devastation
  3464 | D:3      | Noticed a swamp worm
  3464 | D:3      | an eye of devastation changed into a swamp worm
  3466 | D:3      | Noticed an elephant
  3466 | D:3      | a swamp worm changed into an elephant
  3471 | D:3      | Noticed a manticore
  3471 | D:3      | an elephant changed into a manticore
  3483 | D:3      | Noticed an anaconda
  3488 | D:3      | Noticed a wolf spider
  3488 | D:3      | an anaconda changed into a wolf spider
  3492 | D:3      | HP: 1/47 [wolf spider (glowing shapeshifter) (5)]
  3496 | D:3      | Slain by a wolf spider (glowing shapeshifter)

Illustrated notes

Levels and vault maps discovered:
D:1:      wander_arrival_chamber, layout_basic
D:2:      layout_loops_cross, ebering_ecumenical_altar_sacrificial,
          serial_forest, infiniplex_forest_clump_tiny,
          infiniplex_forest_straight_2, infiniplex_forest_straight_2,
          infiniplex_forest_corner_1, uniq_crazy_yiuf_cottage
D:3:      minmay_spotlight, layout_loops_ring,
          grunt_temple_overflow_order_and_chaos_2, gup_sewer_entry_spiral,
          uniq_terence
D:4:      layout_loops_ring, minitemple, uniq_pikel, uniq_eustachio, uniq_robin
D:5:      layout_gridville, lemuel_tele_altar, gammafunk_ghost_grave,
          minivault_14, uniq_sigmund

Skill      XL: |  1  2  3  4 |
---------------+-------------+-----
Stealth        | |  9.6
Invocations    | 1 |  1.6
Short Blades   | 1 |  1.4
Long Blades    | 1 |  1.4
Maces & Flails | 1 |  1.4
Polearms       | 1 |  1.4
Staves         | 1 |  1.4
Slings         | 1 |  1.4
Bows           | 1 |  1.4
Crossbows      | 1 |  1.4
Throwing       | 1 |  1.4
Armour         | 1 |  1.4
Shields        | 1 |  1.4
Unarmed Combat | 1 |  1.4
Spellcasting   | 1 |  1.4
Evocations     | 1 |  1.4
Conjurations   | 1 |  1.1
Hexes          | 1 |  1.1
Summonings     | 1 |  1.1
Necromancy     | 1 |  1.1
Translocations | 1 |  1.1
Transmutations | 1 |  1.1
Fire Magic     | 1 |  1.1
Ice Magic      | 1 |  1.1
Air Magic      | 1 |  1.1
Earth Magic    | 1 |  1.1
Poison Magic   | 1 |  1.1
Fighting       | |  6.7
Axes           | |  4.8
Dodging        | |  4.8

Action                   |  1- 3 |  4- 6 || total
-------------------------+-------+-------++-------
Melee: Hand axe          |    47 |       ||    47
       Bite              |     6 |     8 ||    14
       War axe           |    60 |    39 ||    99
       Quarterstaff      |       |    65 ||    65
Evoke: Wand              |       |     5 ||     5
  Use: Scroll            |     1 |       ||     1
       Potion            |       |     2 ||     2
 Stab: Sleeping          |    12 |     8 ||    20
Armor: Leather armour    |    44 |     8 ||    52
       Ring mail         |       |    25 ||    25
       Skin              |       |     1 ||     1
Dodge: Dodged            |   110 |    68 ||   178

Table legend: (Time is in decaauts)
 A = Elapsed time spent in this place.
 B = Non-inter-level travel time spent in this place.
 C = Inter-level travel time spent in this place.
 D = Time resting spent in this place.
 E = Time spent auto-exploring this place.
 F = Levels seen in this place.
 G = Mean time per level.
                   A        B        C        D        E       F      G
               +--------+--------+--------+--------+--------+-----+--------+
         Total |   3522 |   3472 |     50 |    498 |   2147 |   5 |  704.4 |
       Dungeon |   3522 |   3472 |     50 |    498 |   2147 |   5 |  704.4 |
               +--------+--------+--------+--------+--------+-----+--------+

Top non-repeatable levels by time:
     D:2: 1502 daAuts
     D:3: 966 daAuts
     D:1: 761 daAuts
     D:5: 285 daAuts
     D:4: 6 daAuts
